 Dungeon Crawl Stone Soup version 0.16-a0-3807-g3748f16 (webtiles) character file.

722 MrRokkomies the Skirmisher (level 7, -4/78 HPs)
             Began as an Ogre Hunter on Jan 28, 2015.
             Slain by a killer bee (5 damage)
             ... on level 5 of the Dungeon.
             The game lasted 00:16:09 (6006 turns).

MrRokkomies the Skirmisher (Ogre Hunter)            Turns: 6006, Time: 00:16:09

Health: -4/78      AC:  3    Str: 18    XL:     7   Next: 71%
Magic:  16/16      EV: 10    Int: 10    God:
Gold:   246        SH:  0    Dex: 12    Spells: 2 memorised, 2 levels left

rFire  + . .     SeeInvis .     C - +2 dagger (venom)
rCold  . . .     Clarity  .     m - +0 robe
rNeg   . . .     SustAb   .     (shield restricted)
rPois  .         Gourm    .     k - +0 hat {MR+}
rElec  .         Spirit   .     (no cloak)
rCorr  .         Warding  .     (gloves unavailable)
rMut   .         Stasis   .     (boots unavailable)
MR     +....                    (no amulet)
Stlth  +.........               v - ring of magical power
                                s - ring of protection from fire

@: lethally poisoned, very slightly contaminated, invisible, somewhat resistant
to hostile enchantments, very unstealthy
A: unfitting armour, tough skin 1
a: no special abilities


You were on level 5 of the Dungeon.
You were hungry.

You visited 1 branch of the dungeon, and saw 5 of its levels.

You collected 246 gold pieces.

Inventory:

Hand weapons
 a - a +0 flail
 C - a +2 dagger of venom (weapon)
Missiles
 b - 17 tomahawks (quivered)
 c - 53 stones
 n - 11 poisoned needles
 p - a throwing net
Armour
 k - a +0 hat of magic resistance (worn)
 m - a +0 robe (worn)
Jewellery
 s - a ring of protection from fire (left hand)
 v - a ring of magical power (right hand)
Magical devices
 t - a wand of fireball (5)
Scrolls
 e - a scroll of recharging {unknown}
 i - 3 scrolls of fog
 x - a scroll of enchant weapon
 B - a scroll of remove curse
Potions
 q - a potion of flight {unknown}
 r - a potion of poison {unknown}
 u - a potion of restore abilities {unknown}
 D - a potion of haste {unknown}
Books
 w - a book of Transfigurations

   Spells                             Type                      Level
   a - Stoneskin                      Transmutation/Earth          2
   b - Irradiate                      Conjuration/Transmutation    5
   c - Statue Form                    Transmutation/Earth          6
   d - Hydra Form                     Transmutation                6
   e - Dragon Form                    Transmutation                7
 y - a book of Burglary

   Spells                             Type                      Level
   a - Swiftness                      Charms/Air                   2
   b - Passwall                       Transmutation/Earth          3
   c - Passage of Golubria            Translocation                4
   d - Lee's Rapid Deconstruction     Earth                        5
   e - Invisibility                   Hexes                        6
   f - Darkness                       Hexes                        7
Comestibles
 d - 3 bread rations
 f - 3 meat rations
 o - 11 fruits


   Skills:
 * Level 7.4 Fighting
 * Level 5.6 Maces & Flails
 - Level 5.0 Throwing
 - Level 3.0 Dodging
 - Level 0.7 Stealth
 * Level 1.6 Earth Magic


You had 2 spell levels left.
You knew the following spells:

 Your Spells              Type           Power        Failure   Level  Hunger
a - Stoneskin             Trmt/Erth      #.......     47%         2    ###....
b - Swiftness             Chrm/Air       #.......     61%         2    ###....


Dungeon Overview and Level Annotations

Branches:
Dungeon (5/15)
 Temple: D:4-7

Altars:
Kikubaaqudgha
Okawaru
The Shining One


Innate Abilities, Weirdness & Mutations

You are too large for most types of armour.
You have tough skin (AC +1).


Message History

* * * LOW HITPOINT WARNING * * *
You are more poisoned.
The killer bee poisons you! The killer bee completely misses you.
The killer bee stings you.
* * * LOW HITPOINT WARNING * * *
The killer bee closely misses you.
You are very lightly contaminated with residual magic.
You hit the killer bee.
The killer bee is poisoned.
The killer bee is moderately wounded.
* * * LOW HITPOINT WARNING * * *
You feel very sick. The killer bee stings you!
* * * LOW HITPOINT WARNING * * *
The killer bee closely misses you. The killer bee barely misses you.
The killer bee barely misses you.
You miss the killer bee.
The killer bee is heavily wounded.
* * * LOW HITPOINT WARNING * * *
You feel sick. The killer bee stings you.
You die...

####+### .......############
...................#
...................#
#..................# . #
##y........####### ...#.
#@......##.#
.......####y#.#..##.#
.(.....y(y.y..#..##.#####
.y............+..##.....#
.............#.#######.###
##....####+###....(.......
#.##....####.............###
.............................>
##.#.#
##......................


You could see 3 killer bees.

Vanquished Creatures
  The ghost of smajdalf the Cutter, an average KoHu (D:3)
  A centaur (D:5)
  A scorpion (D:4)
  A killer bee (D:5)
  A centaur skeleton (D:4)
  4 orc wizards
  3 worker ants
  Jessica (D:2)
  6 adders
  4 gnolls (D:5)
  2 worms
  An ooze (D:3)
  16 orcs
  11 bats
  6 giant cockroaches
  10 goblins
  7 hobgoblins
  11 jackals
  15 kobolds
  4 quokkas
  A ball python (D:4)
  2 giant geckos (D:1)
  14 giant newts
  6 rats
129 creatures vanquished.

Notes
Turn   | Place    | Note
--------------------------------------------------------------
     0 | D:1      | MrRokkomies, the Ogre Hunter, began the quest for the Orb.
     0 | D:1      | Reached XP level 1. HP: 22/22 MP: 1/1
   187 | D:1      | HP: 1/22 [jackal (1)]
   508 | D:1      | Reached XP level 2. HP: 29/31 MP: 2/2
  1374 | D:1      | Reached XP level 3. HP: 37/37 MP: 3/3
  1805 | D:2      | Noticed Jessica
  1811 | D:2      | Killed Jessica
  1811 | D:2      | Reached skill level 5 in Throwing
  2164 | D:2      | Reached XP level 4. HP: 27/48 MP: 4/4
  2293 | D:2      | Reached skill level 1 in Maces & Flails
  2962 | D:3      | Noticed smajdalf's ghost (average KoHu)
  2980 | D:3      | Reached skill level 5 in Fighting
  2980 | D:3      | Reached XP level 5. HP: 55/57 MP: 5/5
  3007 | D:3      | Killed smajdalf's ghost
  3007 | D:3      | Reached XP level 6. HP: 25/67 MP: 6/6
  3688 | D:3      | Reached skill level 6 in Fighting
  4185 | D:4      | Learned a level 2 spell: Stoneskin
  4488 | D:4      | Reached XP level 7. HP: 38/76 MP: 7/7
  4646 | D:4      | Reached skill level 5 in Maces & Flails
  4963 | D:4      | Found an iron altar of Okawaru.
  4963 | D:4      | Found a glowing golden altar of the Shining One.
  5052 | D:5      | Entered Level 5 of the Dungeon
  5065 | D:5      | Learned a level 2 spell: Swiftness
  5184 | D:5      | Found an ancient bone altar of Kikubaaqudgha.
  5199 | D:5      | Reached skill level 1 in Earth Magic
  5398 | D:5      | Reached skill level 7 in Fighting
  5605 | D:5      | HP: 1/78 [gnoll/halberd (8)]
  6005 | D:5      | HP: 3/78 [killer bee (7)]
  6006 | D:5      | HP: 1/78 [poisoned by a killer bee]
  6006 | D:5      | Slain by a killer bee

Action                   |  1- 3 |  4- 6 |  7- 9 || total
-------------------------+-------+-------+-------++-------
Melee: Short sword       |    90 |       |       ||    90
       War axe           |    36 |   120 |       ||   156
       Flail             |       |   129 |    52 ||   181
       Dagger            |       |       |     7 ||     7
Throw: Stone             |    11 |       |       ||    11
       Large rock        |     1 |       |     8 ||     9
       Tomahawk          |       |    37 |    24 ||    61
       Throwing net      |       |       |     2 ||     2
  Use: Scroll            |     5 |     2 |       ||     7
       Potion            |       |     4 |     6 ||    10
 Stab: Sleeping          |       |     3 |       ||     3
       Held in net/web   |       |       |     2 ||     2
  Eat: Chunk             |     4 |     7 |     5 ||    16
